 Dungeon Crawl Stone Soup version 0.30-a0-458-g86641cc369 (webtiles) character file.

Game seed: 8710142352442325104

86 Abuh the Cudgeller (level 4, -5/40 HPs)
             Began as a Minotaur Berserker on Dec 14, 2022.
             Was a Believer of Trog.
             Slain by a gnoll
             ... wielding a +0 spear
              (6 damage)
             ... on level 3 of the Dungeon.
             The game lasted 00:05:55 (2061 turns).

Abuh the Cudgeller (Minotaur Berserker)             Turns: 2061, Time: 00:05:56

Health: -5/40      AC:  2    Str: 24    XL:     4   Next: 26%
Magic:  3/3        EV: 12    Int:  4    God:    Trog [**....]
Gold:   202        SH:  0    Dex:  9    Spells: 3/3 levels left

rFire   . . .      SeeInvis .    a - +0 mace
rCold   . . .      Faith    .    (no shield)
rNeg    . . .      Spirit   .    b - +0 animal skin
rPois   .          Reflect  .    (helmet restricted)
rElec   .          Harm     .    (no cloak)
rCorr   .          Rampage  .    (no gloves)
Will    .....                    (no boots)
Stlth   +.........               (no amulet)
HPRegen 0.26/turn                (no ring)
MPRegen 0.08/turn                (no ring)

@: no status effects
A: horns 2, retaliatory headbutt
a: Renounce Religion, Berserk, Trog's Hand


You were on level 3 of the Dungeon.
You worshipped Trog.
Trog was pleased with you.
You visited 1 branch of the dungeon, and saw 3 of its levels.

You collected 202 gold pieces.

Inventory:

Hand Weapons
 a - a +0 mace (weapon)
Armour
 b - a +0 animal skin (worn)
Scrolls
 d - a scroll of fog {unknown}
 f - 3 scrolls of brand weapon {unknown}
 g - 5 scrolls of identify {unknown}
 h - a scroll of amnesia {unknown}
 i - 2 scrolls of magic mapping {unknown}
 j - a scroll of enchant weapon {unknown}
 k - a scroll of torment {unknown}
 m - a scroll of vulnerability {unknown}
 n - 2 scrolls of fear {unknown}
Potions
 c - a potion of lignification {unknown}
 e - a potion of attraction {unknown}
 l - 2 potions of haste {unknown}


   Skills:
 - Level 3.8 Fighting
 + Level 5.8 Maces & Flails
 - Level 2.7 Armour
 - Level 2.4 Dodging


You had 3 spell levels left.
You didn't know any spells.
Your spell library was empty.

Dungeon Overview and Level Annotations

Branches:
Dungeon (3/15)

Altars:


Innate Abilities, Weirdness & Mutations

You have a pair of horns on your head.
You reflexively headbutt those who attack you in melee.


Message History

You struggle against the net.
The frilled lizard hisses angrily.
The gnoll shouts!
You tear a large gash into the net.
You rip the net and break free!
The gnoll attacks as you move away! The gnoll hits you with a +0 whip.
An endoplasm comes into view.
The gnoll attacks as you move away! The gnoll hits you with a +0 whip.
The gnoll attacks as you move away! The gnoll hits you with a +0 whip.
You hit the gnoll but do no damage.
You headbutt the gnoll, but do no damage.
The gnoll barely misses you.
You sock the gnoll!
The gnoll is severely wounded.
The gnoll hits you with a +0 whip! The gnoll barely misses you.
The endoplasm closely misses you.
You hit the gnoll. You headbutt the gnoll.
You kill the gnoll!
Trog accepts your kill. The gnoll barely misses you.
The gnoll closely misses you. The endoplasm closely misses you.
You furiously retaliate!
You headbutt the endoplasm!
You kill the endoplasm!
Trog accepts your kill.
You hit the frilled lizard.
You kill the frilled lizard!
Trog accepts your kill.
The gnoll hits you from afar with a +0 spear. x2
* * * LOW HITPOINT WARNING * * *
The gnoll hits you with a +0 spear.
* * * LOW HITPOINT WARNING * * *
The gnoll barely misses you. The gnoll closely misses you.
You furiously retaliate!
You headbutt the gnoll!
Things that are here:
a +0 whip; a gnoll corpse The gnoll closely misses you.
The gnoll misses you. The gnoll barely misses you.
The gnoll closely misses you. The gnoll hits you with a +0 spear.
* * * LOW HITPOINT WARNING * * *
The gnoll hits you with a +0 spear.
You die...

##########.#
#..........# #
#.........# #..
#........#
....###
#.......#
#.....##g......#
#..).@.....#
####g......#
#g..)..<#####
#.......†...#
#######..#..#
##..?##
#........#
#........#
#...g....#


You could see 3 gnolls.

Vanquished Creatures
  A gnoll (D:3)
  An adder (D:2)
  3 worms
  2 dart slugs (D:1)
  3 endoplasms
  3 goblins
  8 hobgoblins
  7 jackals (D:1)
  5 kobolds
  2 quokkas
  7 ball pythons
  3 bats
  4 frilled lizards
  4 rats
53 creatures vanquished.

Notes
Turn   | Place    | Note
-------+----------+-------------------------------------------
     0 | D:1      | Abuh the Minotaur Berserker began the quest for the Orb.
     0 | D:1      | Reached XP level 1. HP: 19/19 MP: 0/0
   111 | D:1      | Reached XP level 2. HP: 22/27 MP: 1/1
   242 | D:1      | Reached skill level 4 in Maces & Flails
   665 | D:1      | Found a faded altar of an unknown god.
   953 | D:1      | Reached XP level 3. HP: 31/33 MP: 2/2
  1144 | D:1      | Reached ** piety under Trog
  1151 | D:1      | Reached skill level 5 in Maces & Flails
  1614 | D:2      | Reached XP level 4. HP: 35/40 MP: 3/3
  2061 | D:3      | HP: 1/40 [gnoll/+0 spear (5)]
  2061 | D:3      | Slain by a gnoll

Illustrated notes

Levels and vault maps discovered:
D:1:      minmay_arrival_jagged, layout_loops_corners,
          shapermc_ecumenical_altar_gd
D:2:      layout_rooms, nrook_uturn, minmay_pentomino_o2
D:3:      layout_rooms, nicolae_tso_swordbearing_angel, portal_sewer_entry_b

Skill      XL: |  1  2  3 |
---------------+----------+-----
Maces & Flails | 4 5 |  5.8
Fighting       | |  3.8
Armour         | |  2.7
Dodging        | |  2.4

Action                   |  1- 3 |  4- 6 || total
-------------------------+-------+-------++-------
Melee: Mace              |    78 |    21 ||    99
       Headbutt          |    15 |     4 ||    19
       Punch             |     1 |       ||     1
 Stab: Sleeping          |     2 |       ||     2
Armor: Animal skin       |    17 |     2 ||    19
Dodge: Dodged            |    68 |    25 ||    93

Table legend: (Time is in decaauts)
 A = Elapsed time spent in this place.
 B = Non-inter-level travel time spent in this place.
 C = Inter-level travel time spent in this place.
 D = Time resting spent in this place.
 E = Time spent auto-exploring this place.
 F = Levels seen in this place.
 G = Mean time per level.
                   A        B        C        D        E       F      G
               +--------+--------+--------+--------+--------+-----+--------+
         Total |   2078 |   1987 |     91 |    397 |   1189 |   3 |  692.7 |
       Dungeon |   2078 |   1987 |     91 |    397 |   1189 |   3 |  692.7 |
               +--------+--------+--------+--------+--------+-----+--------+

Top non-repeatable levels by time:
     D:1: 1377 daAuts
     D:2: 614 daAuts
     D:3: 87 daAuts
